Map: Deathaura LE

Players

Koт - Winner!

  • Race: Protoss Protoss
  • League: Gold
  • Spawn Location: 5:00

Massa

  • Race: Terran Terran
  • League: Platinum
  • Spawn Location: 11:00

VOD

Have the link to the VOD?

Description

Time

  • Played on: Oct. 27, 2020, 3:29 p.m.
  • Length: 13:14
Show
View Real Time Build Order
Export as new Build Order

Koт Protoss - Winner!

Build Orders: 1 Gate Expand, Blink Stalkers 

Get SALT Encoding   

  12  0:01  Probe (Chrono Boost)  
  13  0:11  Probe (Chrono Boost)  
  14  0:18  Probe  
  15  0:23  Pylon  
  15  0:41  Probe  
  15  0:42  Gateway  
  16  0:52  Assimilator  
  16  0:55  Probe (Chrono Boost)  
  17  1:07  Probe (Chrono Boost)  
  18  1:15  Probe (Chrono Boost)  
  19  1:21  Probe  
  20  1:29  Nexus  
  20  1:42  Cybernetics Core  
  20  1:43  Probe  
  21  1:53  Assimilator  
  21  1:55  Probe  
  21  1:59  Pylon  
  22  2:08  Probe (Chrono Boost)  
  23  2:18  Adept  
  23  2:21  Warp Gate (Chrono Boost)  
  25  2:22  Probe (Chrono Boost)  
  24  2:56  Probe  
  24  2:58  Probe (Chrono Boost)  
  26  3:04  Stalker  
  28  3:06  Twilight Council  
  28  3:08  Probe (Chrono Boost)  
  29  3:17  Probe (Chrono Boost)  
  31  3:20  Probe (Chrono Boost)  
  31  3:23  Probe  
  32  3:30  Probe  
  33  3:35  Probe  
  33  3:38  Gateway  
  33  3:40  Gateway  
  34  3:43  Probe  
  34  3:46  Probe  
  36  3:52  Blink (Chrono Boost)  
  36  3:53  Robotics Facility  
  36  3:55  Probe  
  37  3:56  Probe  
  38  4:04  Probe  
  38  4:05  Pylon  
  38  4:07  Probe  
  40  4:16  Stalker  
  42  4:20  Probe  
  42  4:21  Probe  
  44  4:30  Pylon  
  44  4:32  Pylon  
  44  4:33  Probe  
  44  4:37  Stalker x2  
  49  4:44  Observer, Probe  
  49  4:45  Probe  
  52  4:56  Probe  
  52  4:58  Assimilator  
  52  4:59  Forge  
  53  5:01  Assimilator  
  53  5:08  Robotics Bay  
  53  5:10  Stalker x3  
  59  5:19  Probe x2  
  61  5:25  Immortal  
  61  5:27  Protoss Ground Weapons Level 1  
  65  5:41  Stalker x2  
  69  6:06  Probe, Extended Thermal Lance (Chrono Boost)  
  69  6:11  Nexus  
  70  6:15  Pylon  
  70  6:18  Pylon x2  
  70  6:32  Colossus  
  70  6:33  Probe  
  70  6:38  Charge (Chrono Boost)  
  77  6:41  Pylon  
  77  6:52  Gateway  
  77  6:53  Gateway  
  77  6:58  Gateway  
  77  7:01  Gateway  
  77  7:03  Gateway  
  77  7:06  Gateway  
  77  7:08  Pylon  
  77  7:11  Pylon  
  77  7:21  Probe x2  
  79  7:26  Colossus (Chrono Boost)  
  79  7:29  Templar Archives  
  85  7:33  Probe, Sentry x3  
  92  7:39  Probe  
  92  7:40  Probe  
  94  7:45  Probe, Protoss Ground Weapons Level 2 (Chrono Boost)  
  95  7:52  Probe x2, Shield Battery  
  97  8:05  Probe x2  
  97  8:06  Probe, Assimilator  
  97  8:07  Assimilator  
  97  8:10  Zealot  
  97  8:12  Colossus (Chrono Boost)  
  102  8:18  Probe x2  
  109  8:34  Zealot x2  
  109  8:37  High Templar x2, Zealot  
  109  8:38  Zealot x4  
  109  8:40  Probe x2  
  129  9:02  Gateway  
  129  9:03  Gateway  
  129  9:05  Gateway  
  129  9:10  Pylon  
  129  9:13  Pylon  
  129  9:17  Pylon x2  
  129  9:19  Archon, Pylon  
  129  9:20  Pylon  
  129  9:27  Colossus (Chrono Boost), High Templar x2  
  129  9:29  High Templar  
  129  9:31  High Templar  
  143  9:33  Archon  
  143  9:35  Archon  
  143  9:43  High Templar x2  
  143  9:45  Observer  
  147  9:47  Zealot x3  
  147  9:49  Archon  
  153  9:53  Protoss Ground Weapons Level 3 (Chrono Boost)  
  153  10:05  Pylon  
  153  10:06  Nexus  
  153  10:13  Warp Prism (Chrono Boost)  
  155  10:27  High Templar x2  
  159  10:28  High Templar  
  159  10:29  High Templar  
  159  10:34  Archon  
  163  10:38  Zealot x4  
  163  10:39  Zealot x4  
  179  10:45  Probe x3  
  179  10:47  Archon  
  182  10:53  Pylon x2  
  182  10:55  Pylon x2  
  182  10:57  Probe  
  183  11:05  Stalker  
  183  11:06  Stalker x2  
  189  11:15  Stalker x4  
  189  11:16  Stalker  
  182  11:53  Stalker x6  
  182  11:54  Stalker x3  
  192  12:28  Zealot x6  
  192  12:29  Zealot x2  
  122  13:04  Zealot  
  122  13:05  Zealot x9  
  136  13:06  Zealot  
Show
View Real Time Build Order
Export as new Build Order

Massa Terran 

Build Orders:  

Get SALT Encoding   

  12  0:00  SCV  
  13  0:12  SCV  
  14  0:18  Supply Depot  
  14  0:24  SCV  
  15  0:40  SCV  
  15  0:42  Barracks  
  16  0:47  Refinery  
  16  0:52  SCV  
  17  1:04  SCV  
  18  1:16  SCV  
  19  1:28  SCV  
  19  1:31  Command Center  
  20  1:33  Reaper  
  21  1:44  Orbital Command  
  21  2:05  Marine  
  21  2:08  Supply Depot  
  22  2:10  SCV  
  23  2:21  Factory  
  22  3:00  Barracks Reactor  
  22  3:03  Orbital Command  
  22  3:05  SCV  
  23  3:07  Factory Tech Lab  
  23  3:14  Barracks  
  23  3:15  Refinery  
  23  3:17  SCV  
  23  3:19  Starport  
  24  3:24  Refinery  
  24  3:25  Barracks  
  24  3:29  SCV x2  
  26  3:40  Marine x2  
  26  3:41  SCV x2  
  30  3:51  Siege Tank  
  30  3:53  SCV  
  30  3:54  SCV  
  35  3:58  Marine x2  
  35  4:02  Barracks Tech Lab  
  37  4:05  SCV  
  37  4:06  SCV  
  39  4:10  Medivac  
  39  4:16  Marine x2  
  43  4:17  SCV  
  43  4:18  SCV  
  43  4:20  Engineering Bay  
  45  4:29  Barracks Reactor, SCV  
  46  4:45  Supply Depot  
  46  4:53  Stimpack  
  46  4:57  Terran Infantry Weapons Level 1  
  46  5:02  Missile Turret  
  46  5:06  Marauder, Marine x2, Missile Turret  
  50  5:08  Supply Depot  
  50  5:09  Marine  
  50  5:12  Marine  
  52  5:24  Marine x2  
  54  5:30  Marauder, Marine  
  54  5:31  Marine  
  54  5:32  Supply Depot  
  58  5:41  Marine x2  
  59  5:52  Marauder  
  55  5:59  Marine x2, Siege Tank  
  55  6:02  Marine x2  
  60  6:05  Liberator  
  63  6:11  Armory  
  63  6:13  Marauder  
  63  6:17  Marine x2  
  67  6:20  Marine  
  67  6:22  Supply Depot  
  68  6:27  Supply Depot  
  68  6:34  Marauder  
  68  6:35  Combat Shield  
  70  6:44  Siege Tank  
  70  6:46  Missile Turret  
  73  6:48  Supply Depot  
  73  6:50  SCV  
  73  6:51  Terran Infantry Armor Level 1  
  73  6:52  SCV  
  75  6:56  Marauder  
  77  7:02  SCV  
  77  7:04  SCV  
  77  7:07  Medivac  
  81  7:09  Marine  
  81  7:11  Marine  
  81  7:15  SCV  
  84  7:17  SCV, Marauder  
  87  7:23  Marine x2  
  87  7:27  SCV, Marine  
  87  7:29  SCV, Marine  
  93  7:39  SCV  
  93  7:41  Command Center  
  93  7:43  Supply Depot  
  94  7:46  Supply Depot  
  94  7:54  Concussive Shells  
  94  8:04  Marine x2  
  94  8:05  Marauder, Viking  
  100  8:10  Marine  
  100  8:11  Marine  
  102  8:13  Siege Tank  
  102  8:18  Refinery  
  102  8:19  Engineering Bay  
  105  8:22  Marine x2  
  105  8:23  Terran Vehicle Weapons Level 1  
  105  8:26  Marauder  
  106  8:28  Marine x2  
  108  8:35  Starport  
  108  8:43  Missile Turret  
  108  8:44  Starport Reactor  
  108  8:45  Terran Infantry Weapons Level 2  
  108  8:48  Marauder  
  110  9:02  Marine x4  
  112  9:03  Missile Turret  
  112  9:04  Siege Tank  
  112  9:09  Marauder  
  119  9:20  Marine x3  
  119  9:21  Marine  
  119  9:23  Missile Turret  
  123  9:28  Orbital Command  
  123  9:30  Marauder  
  125  9:41  Supply Depot  
  125  9:43  Supply Depot  
  125  9:44  Supply Depot  
  125  10:00  Sensor Tower  
  125  10:03  SCV, Marine x4, Siege Tank  
  125  10:04  SCV, Marauder, Viking x2  
  125  10:06  Command Center, Supply Depot  
  140  10:07  Supply Depot  
  140  10:08  Medivac  
  140  10:12  SCV  
  143  10:15  SCV  
  143  10:16  SCV  
  143  10:18  Smart Servos  
  145  10:24  SCV  
  145  10:27  SCV  
  147  10:28  SCV  
  147  10:33  Refinery  
  147  10:34  Refinery, Viking, Medivac  
  147  10:35  Siege Tank  
  155  10:36  SCV  
  155  10:38  Viking  
  155  10:39  SCV  
  155  10:40  SCV  
  155  10:42  Command Center  
  160  10:44  Terran Vehicle And Ship Armor Level 1  
  160  10:48  SCV  
  161  10:51  SCV  
  162  11:01  Sensor Tower  
  162  11:03  SCV x3  
  165  11:18  SCV x3, Siege Tank  
  171  11:30  SCV x3  
  166  11:50  Siege Tank  
  169  12:02  SCV x3  
  172  12:14  SCV x3  
  175  12:22  Siege Tank  
  173  12:26  SCV x3  
  142  12:31  Marauder  
  142  12:32  Marine x4  
  118  12:38  SCV x2  
  103  12:47  Orbital Command  
  103  12:49  Orbital Command, Marine  
  103  12:50  Marine x3  
  86  12:53  Marauder  
  86  12:55  Barracks x2  
  86  12:56  Barracks  
  86  12:57  Barracks x2  
  79  13:01  Barracks  
Tags
 
Composition
Blink Stalkers
Matchup
PvT
Replay Pack
Multiplayer
Spawn Locations
Cross Positions
Add a new tag
Caveats
  • Supply blocks, unpowered buildings, or Contaminate may cause inaccurate times.
  • Supply counts are checked every 10 seconds.